 Dungeon Crawl Stone Soup version 0.27.1-1-g398f81649c (webtiles) character file.

Game seed: 4521400567177776539

1554 Descartes the Blocker (level 9, -1/64 HPs)
             Began as a Formicid Fighter on Sept 12, 2021.
             Slain by a manticore (2 damage)
             ... on level 6 of the Dungeon.
             The game lasted 00:10:30 (5617 turns).

Descartes the Blocker (Formicid Fighter)            Turns: 5617, Time: 00:10:31

Health: -1/64      AC:  7    Str: 21    XL:     9   Next: 12%
Magic:  9/9        EV: 13    Int: 10    God:
Gold:   283        SH: 11    Dex: 11    Spells: 8/8 levels left

rFire    . . .     SeeInvis +   g - +2 short sword (elec)
rCold    . . .     Faith    .   w - +0 kite shield
rNeg     . . .     Spirit   .   b - +0 scale mail
rPois    .         Reflect  .   (helmet unavailable)
rElec    .         Harm     .   (no cloak)
rCorr    .         Rampage  .   (no gloves)
Will     .....                  (no boots)
Stlth    ..........             (no amulet)
HPRegen  0.20/turn              i - +4 ring of evasion
MPRegen  0.11/turn              (no ring)

@: mighty
A: permanent stasis, dig shafts and tunnels, antennae 3, four strong arms
a: Dig, Shaft Self


You were on level 6 of the Dungeon.
You visited 1 branch of the dungeon, and saw 6 of its levels.

You collected 294 gold pieces.
You donated 11 gold pieces to Zin.

Inventory:

Hand Weapons
 a - a +0 war axe
 g - a +2 short sword of electrocution (weapon)
 l - a +0 hunting sling
 p - a +0 falchion
 v - a +0 flail
 D - a +3 great sword
Missiles
 c - 22 bolts
 e - 203 stones
 q - 37 poisoned darts
 r - 50 arrows
 y - 2 boomerangs
 z - 3 curare-tipped darts
 A - 14 sling bullets
Armour
 b - a +0 scale mail (worn)
 w - a +0 kite shield (worn)
Jewellery
 i - a +4 ring of evasion (left hand)
 t - a ring of ice
 B - a ring of magical power
Wands
 n - a wand of polymorph (5)
Scrolls
 f - a scroll of fog {unknown}
 j - 8 scrolls of identify {unknown}
 k - a scroll of brand weapon {unknown}
 m - a scroll of summoning {unknown}
 o - a scroll of immolation {unknown}
 s - a scroll of enchant weapon {unknown}
 u - 2 scrolls of noise {unknown}
Potions
 d - 2 potions of might
 h - a potion of lignification
 x - a potion of brilliance {unknown}
 E - a potion of degeneration {unknown}


   Skills:
 - Level 3.2 Fighting
 - Level 2.0(2.2) Short Blades
 - Level 1.4(2.0) Long Blades
 - Level 2.0(2.2) Axes
 - Level 1.4(2.0) Maces & Flails
 - Level 1.5(2.0) Slings
 - Level 1.6(2.0) Throwing
 + Level 6.4 Armour
 - Level 9.0 Shields
 + Level 5.3 Evocations


You had 8 spell levels left.
You didn't know any spells.
Your spell library contained the following spells:

 Spells                   Type           Power      Damage    Failure   Level
 Freeze                   Ice            0%         1d3       67%         1
 Summon Small Mammal      Summ           0%         N/A       67%         1
 Static Discharge         Conj/Air       0%         N/A       80%         2
 Call Canine Familiar     Summ           0%         N/A       95%         3
 Frozen Ramparts          Ice            0%         1d2       95%         3
 Gell's Gravitas          Tloc           0%         N/A       95%         3
 Lesser Beckoning         Tloc           0%         N/A       95%         3
 Summon Guardian Golem    Hex/Summ       0%         N/A       95%         3
 Teleport Other           Tloc           0%         N/A       95%         3
 Dispel Undead            Necr           0%         3d6       100%        4
 Hailstorm                Conj/Ice       0%         3d3       100%        4
 Sticky Flame             Conj/Fire      0%         2d3       100%        4


Dungeon Overview and Level Annotations

Branches:
Dungeon (6/15)
 Temple: D:4-7

Altars:
Hepliaklqana
Vehumet
Zin


Innate Abilities, Weirdness & Mutations

You cannot be hasted, slowed, berserked, paralysed or teleported.
You can dig through walls and to a lower floor.
You have a pair of large antennae on your head. (SInv)
Your four strong arms can wield two-handed weapons with a shield.


Message History

You feel very mighty all of a sudden.
The manticore flicks its tail.
You block the volley of spikes.
It was a potion of curing.
You feel better.
You hit the manticore.
The manticore is lightly wounded.
You block the manticore's attack. The manticore completely misses you.
The manticore barely misses you.
Your scale mail prevents you from hitting the manticore.
The manticore is lightly wounded.
The manticore bites you but does no damage.
The manticore claws you. The manticore closely misses you.
You puncture the manticore!
Lightning courses through the manticore!!
The manticore is heavily wounded.
The manticore bites you but does no damage.
The manticore claws you but does no damage. x2
You hit the manticore.
The manticore is severely wounded.
The manticore bites you! The manticore claws you.
The manticore barely misses you.
You barely miss the manticore.
The manticore is severely wounded.
The manticore bites you but does no damage.
The manticore closely misses you. x2
You hit the manticore.
The manticore is severely wounded.
The manticore bites you! You block the manticore's attack.
The manticore claws you.
* * * LOW HITPOINT WARNING * * *
You hit the manticore.
The manticore is severely wounded.
You carefully extract the barbed spikes from your body.
The manticore bites you!
* * * LOW HITPOINT WARNING * * *
The manticore misses you. You block the manticore's attack.
You feel better. The manticore bites you!
* * * LOW HITPOINT WARNING * * *
The manticore claws you.
You die...

..........# ##.....##..)..#.####
.<........# ##...........>)..####
..........# #....................
..........###................####
...######....................#
.### ###................# ##
#..................#
.#.......)........#
####@####.......##
#≈≈§H≈≈≈#......##
#≈.....≈#.###### #≈.###.≈#.# +..
..+.# #≈. .≈### #≈ ≈# #≈ ≈#


You could see a manticore.

Vanquished Creatures
  An ice beast (D:5)
  A sky beast (D:5)
  A black bear (D:6)
  An ogre (D:5)
  2 bullfrogs
  5 scorpions
  A water moccasin skeleton (D:4)
  3 wights (D:6)
  A bullfrog zombie (D:5)
  A centaur zombie (D:6)
  4 orc priests
  A hound (D:5)
  2 bullfrog skeletons
  Natasha (thrice) (D:2)
  2 orc wizards
  A hound skeleton (D:5)
  4 gnolls
  5 adders
  A shadow imp (D:5)
  An adder skeleton (D:4)
  A worm (D:2)
  2 dart slugs
  16 orcs
  3 ball pythons
  7 bats
  4 endoplasms
  5 giant cockroaches
  9 goblins
  6 hobgoblins
  8 jackals
  3 quokkas (D:2)
  4 frilled lizards
  5 kobolds
  4 rats
118 creatures vanquished.

Notes
Turn   | Place    | Note
-------+----------+-------------------------------------------
     0 | D:1      | Descartes the Formicid Fighter began the quest for the Orb.
     0 | D:1      | Reached XP level 1. HP: 18/18 MP: 1/1
   221 | D:1      | Reached skill level 4 in Shields
   251 | D:1      | Reached XP level 2. HP: 23/24 MP: 2/2
   542 | D:1      | Reached XP level 3. HP: 26/29 MP: 3/3
  1111 | D:2      | Reached skill level 5 in Shields
  1370 | D:2      | Reached skill level 1 in Short Blades
  1613 | D:2      | Reached XP level 4. HP: 32/35 MP: 4/4
  1687 | D:2      | Found a faded altar of an unknown god.
  1696 | D:2      | Noticed Natasha
  1706 | D:2      | Killed Natasha
  1707 | D:2      | Reached skill level 1 in Slings
  1717 | D:2      | Became a worshipper of Zin the Law-Giver
  1717 | D:2      | Reached * piety under Zin
  1717 | D:2      | Reached ** piety under Zin
  1810 | D:2      | Noticed Natasha
  1818 | D:2      | Killed Natasha
  1819 | D:2      | Reached skill level 1 in Throwing
  1819 | D:2      | Reached XP level 5. HP: 39/41 MP: 5/5
  1820 | D:2      | Noticed Natasha
  1832 | D:2      | Fell from the grace of Zin
  1862 | D:2      | Killed Natasha
  2414 | D:3      | Reached skill level 6 in Shields
  2414 | D:3      | Reached XP level 6. HP: 27/47 MP: 6/6
  3105 | D:4      | Reached skill level 7 in Shields
  3580 | D:4      | Reached XP level 7. HP: 40/52 MP: 7/7
  3627 | D:4      | Reached skill level 8 in Shields
  3943 | D:5      | Entered Level 5 of the Dungeon
  3963 | D:5      | Found a radiant altar of Vehumet.
  3986 | D:5      | Reached skill level 1 in Long Blades
  3986 | D:5      | Reached skill level 1 in Maces & Flails
  4194 | D:5      | Reached skill level 9 in Shields
  4194 | D:5      | Reached XP level 8. HP: 45/58 MP: 8/8
  4206 | D:5      | Reached skill level 1 in Evocations
  4936 | D:5      | Reached skill level 5 in Armour
  5340 | D:6      | Reached XP level 9. HP: 47/64 MP: 9/9
  5422 | D:6      | Reached skill level 5 in Evocations
  5558 | D:6      | Found a hazy altar of Hepliaklqana.
  5604 | D:6      | Noticed a manticore
  5616 | D:6      | HP: 2/64 [manticore (14)]
  5617 | D:6      | Slain by a manticore

Illustrated notes

Levels and vault maps discovered:
D:1:      evilmike_arrival_rings, layout_loops_ring, minmay_misc_feat_tower,
          minivault_5, minivault_5
D:2:      layout_basic, dreamdust_ecumenical_altar_angels_and_demons,
          uniq_natasha
D:3:      layout_loops_ring, minmay_misc_feat_secret_circle, glass_columns_a,
          fountainhead
D:4:      layout_basic, minmay_liquid_box,
          hangedman_abyss_or_decor_jellyfish_corner
D:5:      layout_basic, nicolae_vehumet_altar_sigil
D:6:      layout_rooms, lemuel_tele_altar, serial_shops, shop,
          kennysheep_generic_room_11

Skill      XL: |  1  2  3  4  5  6  7  8  9 |
---------------+----------------------------+-----
Shields        | 4 5 6 7 9 |  9.0
Short Blades   | 1 2 |  2.0
Slings         | 1 |  1.5
Throwing       | 1 |  1.6
Long Blades    | 1 |  1.4
Maces & Flails | 1 |  1.4
Evocations     | 4 5 |  5.3
Armour         | 6 |  6.4
Fighting       | |  3.2
Axes           | |  2.0

Action                   |  1- 3 |  4- 6 |  7- 9 || total
-------------------------+-------+-------+-------++-------
Melee: War axe           |    44 |       |       ||    44
       Short sword       |    63 |   126 |   193 ||   382
       Unarmed           |       |     4 |       ||     4
Invok: Renounce Religion |       |     1 |       ||     1
 Abil: Dig               |     1 |     2 |     3 ||     6
  Use: Potion            |       |       |     5 ||     5
Armor: Scale mail        |    42 |    25 |    29 ||    96
       Skin              |       |       |    12 ||    12
Dodge: Dodged            |    47 |    57 |    74 ||   178
Block: Kite shield       |    57 |    54 |   100 ||   211
